 Dungeon Crawl Stone Soup version 0.22-a0-469-gf26638a (webtiles) character file.

4 Amnesiac the Charlatan (level 1, 0/9 HPs)
             Began as a Spriggan Artificer on June 13, 2018.
             Slain by a goblin
             ... wielding a +0 club
              (4 damage)
             ... on level 2 of the Dungeon.
             The game lasted 00:00:36 (559 turns).

Amnesiac the Charlatan (Spriggan Artificer)          Turns: 559, Time: 00:00:36

Health: 0/9        AC:  2    Str:  8    XL:     1   Next: 50%
Magic:  4/4        EV: 18    Int: 12    God:
Gold:   53         SH:  0    Dex: 16    Spells: 0/0 levels left

rFire    . . .     SeeInvis +   a - +0 short sword
rCold    . . .     Gourm    .   (shield restricted)
rNeg     . . .     Faith    .   b - +0 robe
rPois    .         Spirit   .   (helmet restricted)
rElec    .         Reflect  .   (no cloak)
rCorr    .         Harm     .   (gloves unavailable)
MR       .....                  (boots unavailable)
Stlth    ++........             (no amulet)
HPRegen  0.03/turn              (no ring)
MPRegen  0.09/turn              (no ring)

@: very quick
A: very small, unfitting armour, see invisible, herbivore, speed 3, slow
metabolism 2
a: no special abilities


You were on level 2 of the Dungeon.
You were not hungry.

You visited 1 branch of the dungeon, and saw 2 of its levels.

You collected 53 gold pieces.

Inventory:

Hand Weapons
 a - a +0 short sword (weapon)
Armour
 b - a +0 robe (worn)
Wands
 c - a wand of flame (15)
 d - a wand of enslavement (15)
 e - a wand of random effects (15)
Scrolls
 g - a scroll of identify {!r, unknown}
 j - 2 scrolls of amnesia {!r, unknown}
Potions
 h - a potion of heal wounds {!q, unknown}
 i - a potion of flight {!q, unknown}
Comestibles
 f - 2 rations


   Skills:
 - Level 0.7 Fighting
 - Level 1.1 Short Blades
 - Level 3.0 Dodging
 - Level 1.5 Stealth
 + Level 4.4 Evocations


You couldn't memorise any spells.
You didn't know any spells.
Your spell library was empty.

Dungeon Overview and Level Annotations

Branches:
Dungeon (2/15)

Altars:


Innate Abilities, Weirdness & Mutations

You are very small and have problems with some larger weapons.
You are too small for most types of armour.
You have supernaturally acute eyesight. (SInv)
You are a herbivore.
You cover ground extremely quickly.
You need to consume almost no food.


Message History

The bat is moderately wounded.
The bat hits you but does no damage.
You hit the bat.
You kill the bat!
You see here a bat corpse.
You start resting.
HP restored.
You enter a teleport trap!
The teleport trap disappears.
Your surroundings suddenly seem different.
Splash!
You fall into the shallow water.
Moving in this stuff is going to be slow.
You start resting.
HP restored.
You enter the shallow water.
Moving in this stuff is going to be slow.
A rat comes into view.
Found a fizzy pink potion and a leather armour.
A rat is nearby!
A rat is nearby!
The rat barely misses you.
You see here a fizzy pink potion {!q}.
h - a fizzy pink potion {!q} The rat barely misses you.
The rat bites you.
Found 12 gold pieces.
Found 13 gold pieces.
You see here 12 gold pieces.
You now have 40 gold pieces (gained 12).
You now have 53 gold pieces (gained 13).
There are no items here.
Found a stone staircase leading down.
Found a hand axe and a fuming golden potion.
Found 2 scrolls labeled GEFUTOZ BEONT.
There is a stone staircase leading down here.
You see here a fuming golden potion {!q}.
i - a fuming golden potion {!q} You see here 2 scrolls labeled GEFUTOZ BEONT {!r}.
j - 2 scrolls labeled GEFUTOZ BEONT {!r} The rat barely misses you.
The rat barely misses you.
There is a stone staircase leading down here.
You climb downwards.
There is a stone staircase leading up here.
You start waiting.
Done waiting.
A goblin comes into view. It is wielding a club.
A goblin is nearby!
The goblin shouts!
The goblin completely misses you.
You closely miss the goblin. The goblin misses you.
You miss the goblin. The goblin hits you with a club.
You hit the goblin.
The goblin is moderately wounded.
The goblin hits you with a club.
* * * LOW HITPOINT WARNING * * *
You hit the goblin but do no damage.
The goblin is moderately wounded.
The goblin hits you but does no damage.
You closely miss the goblin.
The goblin is moderately wounded.
The goblin hits you with a club.
You die...

#.# #.# #.#
#.# #.# #.#
#.#
##########.#
+.g@.......#
############


You could see a goblin.

Vanquished Creatures
  A leopard gecko (D:1)
  A bat (D:1)
  A frilled lizard (D:1)
3 creatures vanquished.

Vanquished Creatures (others)
  5 toadstools (D:1)
5 creatures vanquished.

Grand Total: 8 creatures vanquished

Notes
Turn   | Place    | Note
-------+----------+-------------------------------------------
     0 | D:1      | Amnesiac the Spriggan Artificer began the quest for the Orb.
     0 | D:1      | Reached XP level 1. HP: 9/9 MP: 4/4
   559 | D:2      | Slain by a goblin

Vault maps used:
D:1:      ldierk_walled_garden
D:2:      gammafunk_temple_of_torment, kennysheep_pointless_box, uniq_robin

Action                   || total
-------------------------++-------
Melee: Short sword       ||    20
Armor: Robe              ||     3
Dodge: Dodged            ||    17

Table legend:
 A = Spawn XP
 B = Non-spawn XP
 C = Spawn XP percentage of total XP
 D = Spawn monster count
 E = Non-spawn monster count
 F = Spawn count percentage of total count
 G = Total turns spent on level
                    A         B        C        D         E        F      G
               +---------+---------+-------+---------+---------+-------+---------
         Total |       0 |       6 |   0.0 |       0 |       3 |   0.0 |   559
               +---------+---------+-------+---------+---------+-------+---------
           D:1 |       0 |       6 |   0.0 |       0 |       3 |   0.0 |   435
               +---------+---------+-------+---------+---------+-------+---------
